 Dungeon Crawl Stone Soup version 0.24-a0-639-gb70a11d811 (webtiles) character file.

Game seed: 7451333086869136627, levelgen mode: deterministic

105 Johnny the Digger (level 4, -2/35 HPs)
             Began as a Demigod Earth Elementalist on Sept 21, 2019.
             Slain by Sigmund
             ... wielding a +0 scythe of protection
              (15 damage)
             ... on level 3 of the Dungeon.
             The game lasted 00:02:19 (1882 turns).

Johnny the Digger (Demigod Earth Elementalist)      Turns: 1882, Time: 00:02:20

Health: -2/35      AC:  3    Str: 11    XL:     4   Next: 29%
Magic:  11/11      EV: 12    Int: 21    God:
Gold:   103        SH:  0    Dex: 16    Spells: 7/8 levels left

rFire    . . .     SeeInvis .   (no weapon)
rCold    . . .     Gourm    .   (no shield)
rNeg     . . .     Faith    .   c - +1 robe
rPois    .         Spirit   .   (no helmet)
rElec    .         Reflect  .   (no cloak)
rCorr    .         Harm     .   (no gloves)
MR       .....     Rnd*Tele +   (no boots)
Stlth    ++........             (no amulet)
HPRegen  0.11/turn              g - ring of teleportation
MPRegen  0.12/turn              (no ring)

@: slowed, very slow
A: high mp 1
a: no special abilities


You were on level 3 of the Dungeon.
You were very hungry.

You visited 1 branch of the dungeon, and saw 3 of its levels.

You collected 103 gold pieces.

Inventory:

Missiles
 b - 162 stones (quivered)
Armour
 c - a +1 robe (worn)
Jewellery
 g - a ring of teleportation (left hand)
 j - an uncursed amulet of guardian spirit {unknown}
Wands
 q - a wand of random effects (16)
Scrolls
 a - a scroll of remove curse
 e - 8 scrolls of identify {unknown}
Potions
 f - a potion of might
 h - a potion of brilliance {unknown}
 i - a potion of agility {unknown}
 k - a potion of lignification {unknown}
 l - a potion of flight {unknown}
 m - a potion of ambrosia {unknown}
 n - a potion of heal wounds {unknown}
Comestibles
 d - 9 rations


   Skills:
 + Level 1.4 Fighting
 - Level 1.7 Dodging
 - Level 1.7 Stealth
 * Level 2.9 Spellcasting
   Level 0.8 Transmutations
 * Level 3.7 Earth Magic


You had 7 spell levels left.
You knew the following spells:

 Your Spells              Type           Power        Failure   Level  Hunger
a - Sandblast             Erth           ###...       3%          1    None

Your spell library contained the following spells:

 Spells                   Type           Power        Failure   Level  Hunger
 Passwall                 Tmut/Erth      ##......     8%          2    ##.....
 Stone Arrow              Conj/Erth      ##....       19%         3    ###....
 Petrify                  Tmut/Erth      ##......     45%         4    ####...
 Lee's Rapid Deconstruct  Erth           ###.......   63%         5    ######.


Dungeon Overview and Level Annotations

Branches:
Dungeon (3/15)

Annotations:
D:3 Natasha, Sigmund


Innate Abilities, Weirdness & Mutations

You have an increased reservoir of magic. (+10% MP)


Message History

Natasha casts a spell at you.
You feel yourself slow down. The crimson imp closely misses you.
The crimson imp blinks!
As you read the scroll labeled HOUBLE IGOERA, it crumbles to dust.
The creatures around you are filled with an inner flame!
It was a scroll of immolation.
The crimson imp misses you. Natasha closely misses you.
The crimson imp hits you.
As you read the scroll labeled PIUFUC XOHUE, it crumbles to dust.
You feel as if something is helping you.
It was a scroll of remove curse.
Natasha barely misses you. The crimson imp hits you.
Sigmund drinks a potion.
Sigmund seems to grow stronger.
Natasha claws you.
As you read the scroll labeled WOVVEN EMAOD, it crumbles to dust.
It is a scroll of enchant armour.
Your +0 robe glows green for a moment.
The crimson imp hits you.
Sigmund casts a spell.
Sigmund flickers and vanishes!
Deactivating autopickup; reactivate with Ctrl-A.
Natasha claws you. The crimson imp barely misses you. Something hits you!
You die...

.. ##.# ###
...####.. #.#
.....#.# #.#
#....## #.#
#....# #.#
#.#..#####.#
#..##o@...#.###
#..#
###.#.#oh.#
..o# #...#.#@#
..## ##.o@.#5#
.## ##...{.#
..# ###...# #..
........ #
###...###
....S# # ..#.##
# .#.#


You could see Natasha (inner flame), a crimson imp and an orc.

Vanquished Creatures
  A scorpion (D:3)
  A gnoll (D:1)
  A worm (D:2)
  An orc (D:3)
  3 giant cockroaches
  10 goblins
  A hobgoblin (D:1)
  2 quokkas
  11 bats
  2 frilled lizards (D:1)
  5 kobolds
  3 rats (D:1)
41 creatures vanquished.

Notes
Turn   | Place    | Note
-------+----------+-------------------------------------------
     0 | D:1      | Johnny the Demigod Earth Elementalist began the quest for
                  | the Orb.
     0 | D:1      | Reached XP level 1. HP: 14/14 MP: 5/5
   168 | D:1      | Reached skill level 3 in Earth Magic
   168 | D:1      | Reached XP level 2. HP: 22/22 MP: 2/7
  1066 | D:2      | Reached skill level 1 in Fighting
  1066 | D:2      | Reached XP level 3. HP: 28/28 MP: 3/9
  1278 | D:2      | Found a faded altar of an unknown god.
  1338 | D:2      | Found an opulent altar of Gozag.
  1633 | D:3      | Noticed a scorpion
  1643 | D:3      | Killed a scorpion
  1643 | D:3      | Reached XP level 4. HP: 32/35 MP: 4/11
  1831 | D:3      | Found an opulent altar of Gozag.
  1866 | D:3      | Noticed Natasha
  1866 | D:3      | Noticed Sigmund
  1882 | D:3      | Slain by Sigmund

Levels and vault maps discovered:
D:1:      lightli_arrival_quake, layout_basic, minmay_misc_feat_encased
D:2:      layout_basic, old_standard_altar, chequers_ecumenical_altar_island,
          minmay_misc_feat_four_crosses
D:3:      layout_rooms, portal_sewer_entry_f,
          nicolae_gozag_cash_rules_everything_around_me, uniq_natasha,
          uniq_sigmund

Skill      XL: |  1  2 |
---------------+-------+-----
Spellcasting   | 2 |  2.9
Earth Magic    | 3 |  3.7
Fighting       | 1 |  1.4
Dodging        | |  1.7
Stealth        | |  1.7
Transmutations | |  0.8

Action                   |  1- 3 |  4- 6 || total
-------------------------+-------+-------++-------
Melee: Unarmed           |    12 |     4 ||    16
Throw: Stone             |     2 |       ||     2
 Cast: Sandblast         |    49 |     8 ||    57
  Use: Scroll            |       |     3 ||     3
  Eat: Chunk             |     2 |       ||     2
Armor: Robe              |    11 |     1 ||    12
Dodge: Dodged            |    26 |    10 ||    36

Table legend:
 A = Non-vault XP
 B = Vault XP
 C = Vault XP percentage of total XP
 D = Non-vault monster count
 E = Vault monster count
 F = Vault count percentage of total count
                 A         B        C        D         E       F
            +---------+---------+-------+---------+---------+-------
      Total |     150 |       0 |   0.0 |      41 |       0 |   0.0
            +---------+---------+-------+---------+---------+-------
        D:1 |      45 |       0 |   0.0 |      23 |       0 |   0.0
        D:2 |      14 |       0 |   0.0 |       7 |       0 |   0.0
        D:3 |      91 |       0 |   0.0 |      11 |       0 |   0.0
            +---------+---------+-------+---------+---------+-------
